 Dungeon Crawl Stone Soup version 0.31-a0-703-gcfe89afef6 (webtiles) character file.

Game seed: 11519306949910009380

20 quinnr the Gusty (level 2, 0/15 HPs)
             Began as a Tengu Air Elementalist on Sept 8, 2023.
             Slain by a gnoll
             ... wielding a +0 spear
              (2 damage)
             ... on level 2 of the Dungeon.
             The game lasted 00:01:48 (1293 turns).

quinnr the Gusty (Tengu Air Elementalist)           Turns: 1293, Time: 00:01:49

Health: 0/15       AC:  2    Str:  8    XL:     2   Next: 79%
Magic:  3/6        EV: 27    Int: 15    God:
Gold:   108        SH:  0    Dex: 14    Spells: 2/5 levels left

rFire   . . .        (no weapon)
rCold   . . .        (no shield)
rNeg    . . .        a - +0 robe
rPois   .            k - +0 hat
rElec   .            (no cloak)
rCorr   +            (no gloves)
SInv    .            (boots unavailable)
Will    .....        (no amulet)
Stlth   ++           R - ring of resist corrosion
HPRegen 0.22/turn    (no ring)
MPRegen 0.10/turn

%: acrobat
@: acrobatic
A: beak, talons 3, acrobatic
a: no special abilities


You were on level 2 of the Dungeon.
You visited 1 branch of the dungeon, and saw 2 of its levels.

You collected 108 gold pieces.


Innate Abilities, Weirdness & Mutations

You have a beak for a mouth.
You have claws for feet.
You can magically evade attacks while moving or waiting.


   Skills:
 - Level 2.1 Dodging
 - Level 2.0 Stealth
 - Level 2.0 Spellcasting
 - Level 1.3 Conjurations
 + Level 5.3 Air Magic


You had 2 spell levels left.
You knew the following spells:

 Your Spells              Type           Power      Damage    Failure   Level
t - Static Discharge      Conj/Air       22%        2-3/arc   9%          2
z - Shock                 Conj/Air       44%        1d5       5%          1

Your spell library contained the following spells:

 Spells                   Type           Power      Damage    Failure   Level
 Swiftness                Air            17%        N/A       8%          3
 Airstrike                Air            8%         2d(2-18)  26%         4

Inventory:

Armour
 a - a +0 robe (worn)
 k - a +0 hat (worn)
Jewellery
 R - a ring of resist corrosion (left hand)
Scrolls
 e - a scroll of teleportation {unknown}
 g - 3 scrolls of identify {unknown}
 h - a scroll of fog {unknown}
 j - a scroll of revelation {unknown}
Potions
 b - a potion of magic
 c - a potion of might {unknown}
 d - 2 potions of heal wounds {unknown}
 f - a potion of brilliance {unknown}
 i - a potion of haste {unknown}

Dungeon Overview and Level Annotations

Branches:
Dungeon (2/15)

Altars:
Trog

..# #g #...#.# ..# #.#####.#.#
..###g.g....#.# †..<#.#####.#.#
..# #. #...#.# ..# ## #.###.# ..#
#.....# ### #####.####### ####
#.....@.g.####### ### ...###
#...#####gg.....#####.. .....#
#...## #######..#.##.#
.....######....########g....[....
..⚑...##............g.g.##.#....#
.........#..##.#########........#
.....###...###.# ##............
....####...# #g# ##............#
.##....#.#.###.####........##....


You could see 3 gnolls.


Message History

Press: ? - help, Shift-Dir - straight line The zap hits the gnoll.
The gnoll is heavily wounded.
The gnoll hits you from afar with a +0 spear.
Unknown command.
Unknown command.
A gnoll comes into view. It is wielding a +0 club.
The gnoll attacks as it pursues you! The gnoll completely misses you.
The gnoll attacks as it pursues you! The gnoll closely misses you.
A gnoll comes into view. It is wielding a +0 club.
The gnoll attacks as it pursues you! The gnoll misses you.
The gnoll moves out of view.
The gnoll attacks as it pursues you! The gnoll misses you.
The gnoll attacks as it pursues you!
The gnoll hits you from afar with a +0 spear.
The gnoll attacks as it pursues you! The gnoll misses you.
Casting: Shock (safe; 5% risk of failure)
Confirm with . or Enter, or press ? or * to list all spells.
Aiming: Shock (safe; 5% risk of failure)
Press: ? - help, Shift-Dir - straight line The zap hits the gnoll.
The gnoll is moderately wounded.
The zap misses the gnoll.
The gnoll hits you from afar with a +0 spear!
Ouch! That really hurt!
* * * LOW HITPOINT WARNING * * *
Unknown command.
The gnoll attacks as it pursues you!
The gnoll hits you from afar with a +0 spear.
You die...

Skill      XL: |  1  2 |
---------------+-------+-----
Air Magic      | 5 |  5.3
Dodging        | |  2.1
Stealth        | |  2.0
Spellcasting   | |  2.0
Conjurations   | |  1.3

Action                     || total
---------------------------++-------
  Melee: Unarmed           ||     2
         Peck              ||     1
   Cast: Shock             ||    49
 Armour: Robe              ||    12
  Dodge: Dodged            ||    23

Levels and vault maps discovered:
D:1:      heliophobic_arrival_battle_scene, layout_rooms,
          amcnicky_mini_corridor_feature
D:2:      layout_rooms, basic_altar, minmay_misc_feat_ornament

Notes
Turn   | Place    | Note
-------+----------+-------------------------------------------
     0 | D:1      | quinnr the Tengu Air Elementalist began the quest for the
                  | Orb.
     0 | D:1      | Reached XP level 1. HP: 10/10 MP: 4/4
   637 | D:2      | Reached XP level 2. HP: 15/15 MP: 4/6
   755 | D:2      | Learned a level 2 spell: Static Discharge
   850 | D:2      | Found a bloodstained altar of Trog.
   964 | D:2      | Reached skill level 5 in Air Magic
  1293 | D:2      | Slain by a gnoll

Vanquished Creatures
  An endoplasm (D:1)
  2 hobgoblins
  3 jackals (D:2)
  2 quokkas
  A ball python (D:2)
  2 bats (D:2)
  4 frilled lizards
  A goblin (D:1)
  A kobold (D:1)
  3 rats
20 creatures vanquished.

Table legend: (Time is in decaauts)
 A = Elapsed time spent in this place.
 B = Non-inter-level travel time spent in this place.
 C = Inter-level travel time spent in this place.
 D = Time resting spent in this place.
 E = Time spent auto-exploring this place.
 F = Levels seen in this place.
 G = Mean time per level.
                   A        B        C        D        E       F      G
               +--------+--------+--------+--------+--------+-----+--------+
         Total |   1294 |   1280 |     14 |     51 |   1022 |   2 |  647.0 |
       Dungeon |   1294 |   1280 |     14 |     51 |   1022 |   2 |  647.0 |
               +--------+--------+--------+--------+--------+-----+--------+

Top non-repeatable levels by time:
     D:1: 738 daAuts
     D:2: 556 daAuts

Table legend:
 A = Non-vault XP
 B = Vault XP
 C = Vault XP percentage of total XP
 D = Non-vault monster count
 E = Vault monster count
 F = Vault count percentage of total count
                 A         B        C        D         E       F
            +---------+---------+-------+---------+---------+-------
      Total |      29 |       0 |   0.0 |      20 |       0 |   0.0
            +---------+---------+-------+---------+---------+-------
        D:1 |      12 |       0 |   0.0 |       9 |       0 |   0.0
        D:2 |      17 |       0 |   0.0 |      11 |       0 |   0.0
            +---------+---------+-------+---------+---------+-------

Levels and vault maps discovered:
D:1:      heliophobic_arrival_battle_scene, layout_rooms,
          amcnicky_mini_corridor_feature
D:2:      layout_rooms, basic_altar, minmay_misc_feat_ornament
